 Dungeon Crawl Stone Soup version 0.29.0-4-gdea44cf6ec (webtiles) character file.

Game seed: 17459903048963752495

15 qw the Chopper (level 2, 0/17 HPs)
             Began as a Tengu Warper on Aug 28, 2022.
             Succumbed to their own poison gas
             ... on level 1 of the Dungeon.
             The game lasted 00:00:04 (718 turns).

qw the Chopper (Tengu Warper)                        Turns: 718, Time: 00:00:04

Health: 0/17       AC:  3    Str: 11    XL:     2   Next: 50%
Magic:  6/6        EV: 11    Int: 13    God:
Gold:   52         SH:  0    Dex: 13    Spells: 5/5 levels left

rFire   . . .      SeeInvis .   Y - +0 hand axe
rCold   . . .      Faith    .   (no shield)
rNeg    . . .      Spirit   .   b - +0 leather armour
rPois   .          Reflect  .   (helmet restricted)
rElec   .          Harm     .   (no cloak)
rCorr   .          Rampage  .   (no gloves)
Will    .....                   (boots unavailable)
Stlth   +.........              (no amulet)
HPRegen 0.05/turn               (no ring)
MPRegen 0.10/turn               (no ring)

@: lethally poisoned (0 -> -3)
A: beak, talons 3
a: no special abilities


You were on level 1 of the Dungeon.
You visited 1 branch of the dungeon, and saw 1 of its levels.

You collected 52 gold pieces.


Innate Abilities, Weirdness & Mutations

You have a beak for a mouth.
You have claws for feet.


   Skills:
 - Level 2.0 Fighting
 + Level 3.3 Axes
 - Level 1.0 Throwing
 - Level 1.1 Armour
 - Level 2.1 Dodging
 - Level 2.0 Spellcasting
 - Level 2.4 Translocations


You had 5 spell levels left.
You didn't know any spells.
Your spell library contained the following spells:

 Spells                   Type           Power      Damage    Failure   Level
 Blink                    Tloc           14%        N/A       19%         2
 Gell's Gravitas          Tloc           7%         N/A       36%         3
 Lesser Beckoning         Tloc           7%         N/A       36%         3
 Teleport Other           Tloc           7%         N/A       36%         3
 Manifold Assault         Tloc           7%         N/A       98%         5

Inventory:

Hand Weapons
 d - a +0 whip
 Y - a +0 hand axe (weapon)
Missiles
 j - 5 boomerangs (quivered)
Armour
 b - a +0 leather armour (worn)
Potions
 f - a potion of curing {unknown}
 h - a potion of cancellation {unknown}
 i - a potion of brilliance {unknown}
 l - a potion of might {unknown}
 m - a potion of invisibility {unknown}

Dungeon Overview and Level Annotations

Branches:
Dungeon (1/15)

Altars:


Message History

The frilled lizard closely misses your giant cockroach.
Your giant cockroach closely misses the frilled lizard.
Throw: 5 boomerangs
Press: ? - help, Q - select action Shift-Dir - straight line, f/p - frilled lizard Really fire in your kobold's direction?
Your giant cockroach bites the frilled lizard.
The frilled lizard dies!
Done exploring.
709 ||| READING 3 scrolls labelled KIAHIOLUYSYF.
The air fills with toxic fumes!
As you read the scroll labelled KIAHIOLUYSYF, it crumbles to dust.
It was a scroll of poison.
Done exploring.
710 ||| DROPPING scroll of blinking.
You drop a scroll of blinking.
Done exploring.
711 ||| DROPPING 2 scrolls of poison.
You drop 2 scrolls of poison.
Done exploring.
(D) Dungeon
Where to? (* - list waypoints, ? - help)
What level of the Dungeon? (default 1, ? - help) Sorry, I don't know how to get there.
Done exploring.
712 ||| Stepping randomly (stuck).
Really walk into that cloud of poison gas?
You are engulfed in poison gas.
You are poisoned.
You feel very sick.
713 ||| Stepping ~*~*~tactically~*~*~ (cloud).
You feel very sick.
Things that are here:
2 scrolls of poison; a scroll of blinking
There is a lethal amount of poison in your body!
You feel sick.
There is a lethal amount of poison in your body!
You feel sick.
There is a lethal amount of poison in your body!
You feel sick.
There is a lethal amount of poison in your body!
You feel sick.
There is a lethal amount of poison in your body!
You die...

#......# #.## #. ######.#
#..# #. #.# ##.# #. #.# #.#
#. #.# #.###########. ##
#.# #.........)... .## #.#
##########¤###########.
..##
#.###¤0000¤0000¤¤.......##.
...#
#.##¤000¤0@0¤¤¤¤¤........#.
...#
#.##¤¤¤¤0000000¤¤.}......#.
...#
#.###0¤0¤¤K¤¤0¤00.......##.
..## #.#
##¤000¤¤¤0¤¤¤...}..###. .##
#.# ##00¤B¤0¤0¤0.....## #.
##
#.######¤¤000000¤..}.#####%
#
#.#....##¤¤0¤0¤0¤...##..##.
#
#.#.######.(}...}..##......
# #.#.#
#.##.......###.#.#..


You could see a friendly giant cockroach (summoned) and a friendly kobold
(summoned).

Vanquished Creatures
  2 goblins (D:1)
  A hobgoblin (D:1)
  6 ball pythons (D:1)
  A bat (D:1)
  A frilled lizard (D:1)
  2 kobolds (D:1)
  3 rats (D:1)
16 creatures vanquished.

Vanquished Creatures (collateral kills)
  A frilled lizard (D:1)
1 creature vanquished.

Grand Total: 17 creatures vanquished

Notes
Turn   | Place    | Note
-------+----------+-------------------------------------------
     0 | D:1      | qw the Tengu Warper began the quest for the Orb.
     0 | D:1      | Reached XP level 1. HP: 12/12 MP: 4/4
     0 | D:1      | 0 ||| qw: Version: 0.1-a-89-g26bdef1
     0 | D:1      | 0 ||| qw: Game counter: 2648
     0 | D:1      | 0 ||| qw: Always use a shield: true
     0 | D:1      | 0 ||| qw: God list: Okawaru
     0 | D:1      | 0 ||| qw: Allow faded altars: false
     0 | D:1      | 0 ||| qw: Do Orc after D:15 true
     0 | D:1      | 0 ||| qw: Do second Lair branch before Depths: true
     0 | D:1      | 0 ||| qw: Lair rune preference: random
     0 | D:1      | 0 ||| qw: Plans: Normal
     0 | D:1      | 0 ||| PLANNING D:1-11
    82 | D:1      | 82 ||| Stepping ~*~*~tactically~*~*~ (stealth).
    83 | D:1      | 83 ||| Stepping ~*~*~tactically~*~*~ (stealth).
   149 | D:1      | Reached skill level 3 in Axes
   149 | D:1      | Reached XP level 2. HP: 14/17 MP: 6/6
   209 | D:1      | 209 ||| DROPPING +0 club.
   423 | D:1      | 423 ||| Stepping ~*~*~tactically~*~*~ (stealth).
   704 | D:1      | 704 ||| READING scroll labelled KIYMOA NUITA.
   705 | D:1      | 705 ||| READING scroll labelled UVAHADWY BOTAJ.
   709 | D:1      | 709 ||| READING 3 scrolls labelled KIAHIOLUYSYF.
   710 | D:1      | 710 ||| DROPPING scroll of blinking.
   711 | D:1      | 711 ||| DROPPING 2 scrolls of poison.
   712 | D:1      | 712 ||| Stepping randomly (stuck).
   713 | D:1      | 713 ||| Stepping ~*~*~tactically~*~*~ (cloud).
   715 | D:1      | HP: 3/17 [poisoned by you (poison gas)]
   717 | D:1      | HP: 1/17 [poisoned by you (poison gas)]
   718 | D:1      | Succumbed to their own poison gas

Levels and vault maps discovered:
D:1:      dpeg_arrival_lava_temple_mockup, layout_loops_ring

Skill      XL: |  1 |
---------------+----+-----
Axes           | 3 |  3.3
Fighting       | |  2.0
Throwing       | |  1.0
Armour         | |  1.1
Dodging        | |  2.1
Spellcasting   | |  2.0
Translocations | |  2.4

Action                   || total
-------------------------++-------
Melee: Hand axe          ||    16
       Kick              ||     6
       Peck              ||     1
Throw: Boomerang         ||    19
  Use: Scroll            ||     3
Armor: Leather armour    ||     5
Dodge: Dodged            ||     3

Table legend:
 A = Non-vault XP
 B = Vault XP
 C = Vault XP percentage of total XP
 D = Non-vault monster count
 E = Vault monster count
 F = Vault count percentage of total count
                 A         B        C        D         E       F
            +---------+---------+-------+---------+---------+-------
      Total |      22 |       0 |   0.0 |      17 |       0 |   0.0
            +---------+---------+-------+---------+---------+-------
        D:1 |      22 |       0 |   0.0 |      17 |       0 |   0.0
            +---------+---------+-------+---------+---------+-------
